 Dungeon Crawl Stone Soup version 0.29-a0-911-g88e6f02907 (webtiles) character file.

Game seed: 3377747392273447181

75 lesaewzxc the Cutter (level 4, -3/43 HPs)
             Began as a Kobold Berserker on July 25, 2022.
             Was a Follower of Trog.
             Slain by an ogre
             ... wielding a +0 giant spiked club
              (26 damage)
             ... on level 3 of the Dungeon.
             The game lasted 00:08:06 (3017 turns).

lesaewzxc the Cutter (Kobold Berserker)             Turns: 3017, Time: 00:08:07

Health: -3/43      AC:  8    Str: 16    XL:     4   Next: 55%
Magic:  4/4        EV: 10    Int:  8    God:    Trog [*.....]
Gold:   91         SH:  0    Dex: 14    Spells: 3/3 levels left

rFire   x . .      SeeInvis .   a - +0 short sword
rCold   + . .      Faith    .   (no shield)
rNeg    . . .      Spirit   .   g - +0 chain mail
rPois   .          Reflect  .   (no helmet)
rElec   .          Harm     .   (no cloak)
rCorr   .          Rampage  .   (no gloves)
Will    .....                   (no boots)
Stlth   ..........              (no amulet)
HPRegen 0.14/turn               e - ring of ice
MPRegen 0.09/turn               (no ring)

@: berserking, very quick
A: small, no large weapons, nightstalker 3
a: Renounce Religion, Berserk


You were on level 3 of the Dungeon.
You worshipped Trog.
Trog was aware of your devotion.
You visited 1 branch of the dungeon, and saw 3 of its levels.

You collected 91 gold pieces.

Inventory:

Hand Weapons
 a - a +0 short sword (weapon)
Armour
 g - a +0 chain mail (worn)
Jewellery
 e - a ring of ice (left hand)
Wands
 f - a wand of quicksilver (2)
Potions
 b - a potion of curing {unknown}
 c - a potion of haste {unknown}


   Skills:
 + Level 3.9 Fighting
 + Level 4.8 Short Blades
 + Level 2.2 Armour
 + Level 3.4 Dodging


You had 3 spell levels left.
You didn't know any spells.
Your spell library contained the following spells:

 Spells                   Type           Power      Damage    Failure   Level
 Ensorcelled Hibernation  Hex/Ice        0%         N/A       100%        2
 Spider Form              Tmut/Pois      0%         N/A       100%        3
 Anguish                  Hex/Necr       0%         N/A       100%        4


Dungeon Overview and Level Annotations

Branches:
Dungeon (3/15)

Altars:
Ru


Innate Abilities, Weirdness & Mutations

You are small and have problems with some larger weapons.
You are completely attuned to the shadows.


Message History

You miss the adder. The adder barely misses you.
You hit the adder.
The adder is lightly wounded.
The adder barely misses you.
You hit the adder.
The adder is moderately wounded.
The adder misses you.
You miss the adder.
The adder is moderately wounded.
The adder bites you but does no damage.
You hit the adder.
The adder is moderately wounded.
The adder misses you.
You hit the adder.
The adder is severely wounded.
The adder bites you but does no damage.
You hit the adder.
The adder is almost dead.
The adder bites you but does no damage.
You hit the adder.
You kill the adder!
Trog accepts your kill.
An ogre comes into view. It is wielding a +0 giant spiked club.
Found a stone staircase leading up.
A giant cockroach comes into view.
A red film seems to cover your vision as you go berserk!
You feel yourself moving faster!
You feel mighty! The ogre closely misses you.
You barely miss the ogre. You barely miss the ogre. You hit the ogre.
The ogre is moderately wounded.
The ogre hits you with a +0 giant spiked club!!
You puncture the ogre!
The ogre is severely wounded.
The giant cockroach bites you but does no damage.
You puncture the ogre!
The ogre is almost dead.
The ogre hits you with a +0 giant spiked club!!
Ouch! That really hurt!
You die...

#.# .. #.# ..#
#.# #.# #.# #^#
#.# #.# #.# #.#
#.#
#.########.###.#
#..O@..........#
#...B.####.#####
#<###.# #.# .
#.# #.# #.# #.#


You could see an ogre and a giant cockroach.

Vanquished Creatures
  Terence (D:2)
  An adder (D:3)
  A worm (D:2)
  An orc (D:3)
  3 bats
  6 endoplasms
  2 giant cockroaches (D:1)
  4 goblins
  4 hobgoblins
  2 jackals (D:3)
  2 kobolds
  A quokka (D:3)
  3 ball pythons (D:1)
  2 rats
33 creatures vanquished.

Notes
Turn   | Place    | Note
-------+----------+-------------------------------------------
     0 | D:1      | lesaewzxc the Kobold Berserker began the quest for the Orb.
     0 | D:1      | Reached XP level 1. HP: 14/14 MP: 1/1
   232 | D:1      | Reached XP level 2. HP: 15/19 MP: 2/2
  1743 | D:2      | Reached XP level 3. HP: 12/23 MP: 3/3
  2031 | D:2      | HP: 1/24 [frozen (3)]
  2319 | D:2      | Noticed Terence
  2332 | D:2      | Killed Terence
  2333 | D:2      | Reached XP level 4. HP: 17/29 MP: 4/4
  2378 | D:2      | Found a sacrificial altar of Ru.
  2859 | D:3      | Found a sacrificial altar of Ru.
  3010 | D:3      | Noticed an ogre
  3017 | D:3      | Slain by an ogre

Illustrated notes

Levels and vault maps discovered:
D:1:      amcnicky_arrival_single_pillar, layout_basic, serial_forest,
          infiniplex_forest_clump_tiny, infiniplex_forest_clump_medium,
          infiniplex_forest_end_2, infiniplex_forest_straight_1,
          infiniplex_forest_lined_room_3, infiniplex_forest_clump_long,
          infiniplex_forest_lined_4_way, glass_columns_b
D:2:      layout_basic, basic_altar, minmay_pentomino_q2, uniq_terence
D:3:      layout_loops_ring, nicolae_ru_the_path_less_chosen,
          shapermc_ecumenical_altar_ellora, uniq_ijyb, uniq_sigmund, uniq_robin

Skill      XL: |  1  2  3 |
---------------+----------+-----
Armour         | 2 |  2.2
Dodging        | 3 |  3.4
Fighting       | |  3.9
Short Blades   | |  4.8

Action                   |  1- 3 |  4- 6 || total
-------------------------+-------+-------++-------
Melee: Short sword       |   102 |    51 ||   153
       Punch             |     1 |     1 ||     2
Invok: Berserk           |     2 |     1 ||     3
  Use: Scroll            |     1 |       ||     1
 Stab: Sleeping          |     4 |       ||     4
Armor: Animal skin       |     5 |       ||     5
       Ring mail         |    13 |       ||    13
       Chain mail        |       |    34 ||    34
Dodge: Dodged            |    82 |    36 ||   118

Table legend: (Time is in decaauts)
 A = Elapsed time spent in this place.
 B = Non-inter-level travel time spent in this place.
 C = Inter-level travel time spent in this place.
 D = Time resting spent in this place.
 E = Time spent auto-exploring this place.
 F = Levels seen in this place.
 G = Mean time per level.
                   A        B        C        D        E       F      G
               +--------+--------+--------+--------+--------+-----+--------+
         Total |   3012 |   2990 |     22 |      0 |   1509 |   3 | 1004.0 |
       Dungeon |   3012 |   2990 |     22 |      0 |   1509 |   3 | 1004.0 |
               +--------+--------+--------+--------+--------+-----+--------+

Top non-repeatable levels by time:
     D:1: 1464 daAuts
     D:2: 1189 daAuts
     D:3: 358 daAuts
